 Dungeon Crawl Stone Soup version 0.24-a0-201-gf205589 (webtiles) character file.

Game seed: 17682915728723098566

312 Ivan the Chopper (level 6, -3/53 HPs)
             Began as a Hill Orc Fighter on Mar 23, 2019.
             Slain by an ogre
             ... wielding a +0 giant spiked club
              (22 damage)
             ... on level 4 of the Dungeon.
             The game lasted 00:09:20 (2803 turns).

Ivan the Chopper (Hill Orc Fighter)                 Turns: 2803, Time: 00:09:21

Health: -3/53      AC:  7    Str: 26    XL:     6   Next: 42%
Magic:  6/6        EV:  8    Int:  8    God:
Gold:   123        SH: 10    Dex: 10    Spells: 5/5 levels left

rFire    . . .     SeeInvis .   a - +0 war axe
rCold    . . .     Gourm    .   c - +0 shield
rNeg     . . .     Faith    .   b - +0 scale mail
rPois    .         Spirit   .   (no helmet)
rElec    .         Reflect  .   (no cloak)
rCorr    .         Harm     .   (no gloves)
MR       .....                  (no boots)
Stlth    ..........             (no amulet)
HPRegen  0.17/turn              (no ring)
MPRegen  0.10/turn              (no ring)

@: mighty
A: no striking features
a: no special abilities


You were on level 4 of the Dungeon.
You were hungry.

You visited 1 branch of the dungeon, and saw 4 of its levels.

You collected 123 gold pieces.

Inventory:

Hand Weapons
 a - a +0 war axe (weapon)
Armour
 b - a +0 scale mail (worn)
 c - a +0 shield (worn)
 v - a +2 helmet
Jewellery
 u - a cursed amulet of inaccuracy {unknown}
 w - a cursed -3 ring of dexterity {unknown}
Wands
 r - a wand of polymorph (12)
Scrolls
 e - a scroll of immolation {unknown}
 g - a scroll of amnesia {unknown}
 h - 3 scrolls of magic mapping {unknown}
 j - 2 scrolls of teleportation {unknown}
 k - 2 scrolls of random uselessness {unknown}
 l - 3 scrolls of identify {unknown}
 m - a scroll of noise {unknown}
 o - 3 scrolls of remove curse {unknown}
 p - a scroll of enchant armour {unknown}
 t - 2 scrolls of fog {unknown}
Potions
 i - a potion of heal wounds {unknown}
 n - a potion of degeneration {unknown}
 q - a potion of ambrosia {unknown}
 s - 2 potions of curing {unknown}
Comestibles
 f - 8 rations


   Skills:
 + Level 4.5 Fighting
 + Level 5.8 Axes
 + Level 4.5 Armour
 + Level 0.7 Dodging
 + Level 0.1 Stealth
 + Level 4.3 Shields
 + Level 0.3 Unarmed Combat


You had 5 spell levels left.
You didn't know any spells.
Your spell library was empty.

Dungeon Overview and Level Annotations

Branches:
Dungeon (4/15)
 Temple: D:4-7

Altars:
Nemelex Xobeh
Trog


Message History

You now have 123 gold pieces (gained 14).
s - 2 purple potions (gained 1)
There is an open door here.
You open the door.
There is an open door here.
f - 8 rations (gained 1)
There is an open door here.
You are feeling hungry.
An ogre comes into view. It is wielding a +0 giant spiked club.
The ogre shouts!
You block the ogre's attack.
You slash the ogre!
The ogre is moderately wounded.
The ogre hits you with a +0 giant spiked club!!
Your shield prevents you from hitting the ogre.
The ogre is moderately wounded.
The ogre hits you with a +0 giant spiked club!
You feel very mighty all of a sudden.
The ogre hits you with a +0 giant spiked club!!
You die...

#........#.# #.... ..
#.#.#......# #....
.###.#.#.....#)
#....##...#.#.#.......
#......##.#.#.#....#.#
#......##.#.#.#..#.#..
#.....##.#.#.##.#.###
#...O......#....#....
#...@.###..##########
#..........# #......
#..........# #.#####
#.....##...# #.# #
#####.#.<#.# #.# #
#.#########.# #
#...........# #
############# # #


You could see an ogre.

Vanquished Creatures
  A howler monkey (D:4)
  A bullfrog skeleton (D:4)
  An orc wizard (D:4)
  Ijyb (D:3)
  A worker ant (D:4)
  Robin (D:3)
  5 adders
  An ooze (D:2)
  2 adder skeletons (D:4)
  A worm (D:3)
  3 dart slugs
  4 leopard geckos
  4 orcs
  2 ball pythons (D:3)
  3 giant cockroaches
  22 goblins
  10 hobgoblins
  5 kobolds
  2 quokkas (D:3)
  5 bats
  5 frilled lizards
  A jackal skeleton (D:4)
  9 rats
90 creatures vanquished.

Vanquished Creatures (others)
  A wizard (D:3)
1 creature vanquished.

Grand Total: 91 creatures vanquished

Notes
Turn   | Place    | Note
-------+----------+-------------------------------------------
     0 | D:1      | Ivan the Hill Orc Fighter began the quest for the Orb.
     0 | D:1      | Reached XP level 1. HP: 19/19 MP: 1/1
    85 | D:1      | Reached XP level 2. HP: 19/27 MP: 2/2
   122 | D:1      | Reached skill level 3 in Axes
   536 | D:2      | Reached XP level 3. HP: 27/33 MP: 3/3
   709 | D:2      | Reached XP level 4. HP: 32/40 MP: 4/4
   816 | D:2      | Reached skill level 4 in Axes
  1705 | D:3      | Noticed Ijyb
  1786 | D:3      | Killed Ijyb
  1786 | D:3      | Reached XP level 5. HP: 13/46 MP: 5/5
  2010 | D:3      | Found a sparkling altar of Nemelex Xobeh.
  2048 | D:3      | Noticed Robin
  2059 | D:3      | Killed Robin
  2263 | D:3      | Found a bloodstained altar of Trog.
  2264 | D:3      | Noticed a wizard
  2269 | D:3      | Killed a wizard
  2347 | D:4      | Reached skill level 5 in Axes
  2353 | D:4      | Reached XP level 6. HP: 44/53 MP: 6/6
  2803 | D:4      | Slain by an ogre

Levels and vault maps discovered:
D:1:      minmay_arrival_checkered_box, layout_rooms
D:2:      layout_basic
D:3:      layout_basic, marbit_many_paths, trog_wizard, uniq_robin, uniq_ijyb
D:4:      layout_basic, first_ration, minmay_fractal_squares_diagonal_5,
          uniq_eustachio

Skill      XL: |  1  2  3  4  5 |
---------------+----------------+-----
Axes           | 3 4 5 |  5.8
Fighting       | 4 |  4.5
Armour         | 4 |  4.5
Shields        | 4 |  4.3
Dodging        | |  0.7
Stealth        | |  0.1
Unarmed Combat | |  0.3

Action                   |  1- 3 |  4- 6 || total
-------------------------+-------+-------++-------
Melee: War axe           |    87 |   186 ||   273
       Unarmed           |       |    15 ||    15
  Use: Potion            |       |     1 ||     1
  Eat: Chunk             |       |     6 ||     6
Armor: Scale mail        |    33 |    84 ||   117
       Skin              |       |     4 ||     4
Dodge: Dodged            |    23 |    72 ||    95
Block: Shield            |    45 |   103 ||   148

Table legend:
 A = Non-vault XP
 B = Vault XP
 C = Vault XP percentage of total XP
 D = Non-vault monster count
 E = Vault monster count
 F = Vault count percentage of total count
                 A         B        C        D         E       F
            +---------+---------+-------+---------+---------+-------
      Total |     303 |     143 |  32.1 |      77 |      13 |  14.4
            +---------+---------+-------+---------+---------+-------
        D:1 |      21 |       0 |   0.0 |      12 |       0 |   0.0
        D:2 |      84 |       0 |   0.0 |      25 |       0 |   0.0
        D:3 |      62 |      66 |  51.6 |      27 |      10 |  27.0
        D:4 |     136 |      77 |  36.2 |      13 |       3 |  18.8
            +---------+---------+-------+---------+---------+-------
